 Dungeon Crawl Stone Soup version 0.26.1-11-gd32895ea62 (webtiles) character file.

Game seed: 4918265674519674614

160 bnorton916 the Shield-Bearer (level 5, 0/42 HPs)
             Began as a Formicid Fighter on June 9, 2021.
             Slain by a sky beast (3 damage)
             ... on level 3 of the Dungeon.
             The game lasted 00:03:22 (3367 turns).

bnorton916 the Shield-Bearer (Formicid Fighter)     Turns: 3367, Time: 00:03:23

Health: 0/42       AC:  7    Str: 21    XL:     5   Next: 69%
Magic:  5/5        EV:  8    Int:  8    God:
Gold:   211        SH:  9    Dex: 10    Spells: 4/4 levels left

rFire    . . .     SeeInvis +   a - +0 war axe
rCold    . . .     Faith    .   c - +0 kite shield
rNeg     . . .     Spirit   .   b - +0 scale mail
rPois    .         Reflect  .   (helmet unavailable)
rElec    .         Harm     .   (no cloak)
rCorr    .         Rampage  .   (no gloves)
Will     .....                  (no boots)
Stlth    ..........             (no amulet)
HPRegen  0.14/turn              (no ring)
MPRegen  0.09/turn              (no ring)

@: no status effects
A: permanent stasis, dig shafts and tunnels, four strong arms, antennae 3
a: Dig, Shaft Self


You were on level 3 of the Dungeon.
You visited 1 branch of the dungeon, and saw 3 of its levels.

You collected 211 gold pieces.

Inventory:

Hand Weapons
 a - a +0 war axe (weapon)
Armour
 b - a +0 scale mail (worn)
 c - a +0 kite shield (worn)
Jewellery
 q - an uncursed amulet of the acrobat {unknown}
Scrolls
 e - a scroll of enchant armour {unknown}
 f - 4 scrolls of remove curse {unknown}
 g - a scroll of enchant weapon {unknown}
 i - a scroll of immolation {unknown}
 j - a scroll of blinking {unknown}
 p - a scroll of fear {unknown}
 r - 7 scrolls of identify {unknown}
 s - a scroll of teleportation {unknown}
 t - a scroll of magic mapping {unknown}
Potions
 d - 3 potions of might
 h - 2 potions of magic {unknown}
 k - 3 potions of cancellation {unknown}
 l - 2 potions of resistance {unknown}
 m - a potion of heal wounds {unknown}
 n - a potion of invisibility {unknown}
 o - a potion of curing {unknown}


   Skills:
 + Level 4.2 Fighting
 + Level 3.2 Axes
 + Level 4.3 Armour
 + Level 4.7 Shields


You had 4 spell levels left.
You didn't know any spells.
Your spell library was empty.

Dungeon Overview and Level Annotations

Branches:
Dungeon (3/15)

Altars:


Innate Abilities, Weirdness & Mutations

You cannot be hasted, slowed, berserked, paralysed or teleported.
You can dig through walls and to a lower floor.
Your four strong arms can wield two-handed weapons with a shield.
You have a pair of large antennae on your head. (SInv)


Message History

The sky beast misses you.
The sky beast flickers out of sight for a moment.
You block the sky beast's attack.
You hit the sky beast.
The sky beast is severely wounded.
The sky beast hits you. The sky beast shocks you.
* * * LOW HITPOINT WARNING * * *
You closely miss the sky beast.
The sky beast is severely wounded.
You block the sky beast's attack. x2
You miss the sky beast.
The sky beast is severely wounded.
The sky beast hits you.
* * * LOW HITPOINT WARNING * * *
The sky beast shocks you.
* * * LOW HITPOINT WARNING * * *
You completely miss the sky beast.
The sky beast is severely wounded.
The sky beast hits you.
You die...

# # # ######### # #(......#
######### #.......# #####
........###.......###...#
..................'...#.# #####
...).....##.....@Y##..#.# #...#
.#######.#.......###..#.###.#.#
...#####....####.# #..#.....#.#
......####.[##...# #..#######.#
............##.### #..# #.#
######.###.....#####... #.#
###....#...<......[#.## #.#
.....#...<##.#####.# #.#
.##..##.#........#.####### #.#


You could see a sky beast (invisible).

Vanquished Creatures
  An orc priest (D:3)
  5 adders
  An adder skeleton (D:3)
  2 worms (D:2)
  A dart slug (D:1)
  2 leopard geckos
  6 orcs (D:3)
  4 giant cockroaches
  4 hobgoblins
  11 jackals
  5 kobolds
  5 bats
  8 frilled lizards
  7 goblins
  6 rats
68 creatures vanquished.

Vanquished Creatures (others)
  4 plants (D:2)
4 creatures vanquished.

Grand Total: 72 creatures vanquished

Notes
Turn   | Place    | Note
-------+----------+-------------------------------------------
     0 | D:1      | bnorton916 the Formicid Fighter began the quest for the
                  | Orb.
     0 | D:1      | Reached XP level 1. HP: 18/18 MP: 1/1
    67 | D:1      | Reached XP level 2. HP: 20/24 MP: 2/2
   485 | D:1      | Reached XP level 3. HP: 29/29 MP: 3/3
  1389 | D:2      | Reached XP level 4. HP: 36/37 MP: 4/4
  1786 | D:2      | Found a faded altar of an unknown god.
  2795 | D:3      | Reached XP level 5. HP: 42/42 MP: 5/5
  3346 | D:3      | Noticed a sky beast
  3367 | D:3      | Slain by a sky beast

Illustrated notes

Levels and vault maps discovered:
D:1:      minmay_arrival_checkered_box, layout_basic, kennysheep_another_room,
          dk_noncrumbling_3
D:2:      layout_loops_corners, chequers_ecumenical_altar_lobes,
          minmay_tiny_reverse_x
D:3:      layout_basic, lightli_corner_chamber

Skill      XL: |  1  2  3  4  5 |
---------------+----------------+-----
Shields        | 4 |  4.7
Fighting       | 4 |  4.2
Armour         | 4 |  4.3
Axes           | 3 |  3.2

Action                   |  1- 3 |  4- 6 || total
-------------------------+-------+-------++-------
Melee: War axe           |    82 |   150 ||   232
Armor: Scale mail        |    28 |    50 ||    78
Dodge: Dodged            |    33 |    67 ||   100
Block: Kite shield       |    57 |    94 ||   151
